 Dungeon Crawl Stone Soup version 0.30.0-29-ga12c61a403 (webtiles) character file.

Game seed: 8708791949731886261

630 qw the Chopper (level 7, -4/43 HPs)
             Began as a Gargoyle Fighter on June 6, 2023.
             Was an Initiate of Okawaru.
             Slain by an ogre
             ... wielding a +0 giant spiked club
              (30 damage)
             ... on level 5 of the Dungeon.
             The game lasted 00:01:41 (2926 turns).

qw the Chopper (Gargoyle Fighter)                   Turns: 2926, Time: 00:01:41

Health: -4/43      AC: 12    Str: 21    XL:     7   Next: 48%
Magic:  7/7        EV:  9    Int:  9    God:    Okawaru [......]
Gold:   256        SH:  4    Dex:  9    Spells: 6/6 levels left

rFire   . . .        Y - +0 war axe
rCold   . . .        c - +0 buckler
rNeg    + . .        b - +0 scale mail
rPois   inf          (no helmet)
rElec   +            (no cloak)
rCorr   .            (no gloves)
SInv    .            q - +0 pair of boots
Will    .....        (no amulet) Stlth
                     (no ring)
HPRegen 0.27/turn    (no ring)
MPRegen 0.10/turn

%: no passive effects
@: no status effects
A: sickness immunity, AC +4, negative energy resistance 1, electricity
resistance, torment resistance 1, petrification resistance
a: Renounce Religion


You were on level 5 of the Dungeon.
You worshipped Okawaru.
Okawaru was noncommittal.
You visited 2 branches of the dungeon, and saw 6 of its levels.

You collected 256 gold pieces.


Innate Abilities, Weirdness & Mutations

You are immune to sickness and miasma.
Your stone body is resilient. (AC +4)
You are immune to poison.
You resist negative energy. (rN+)
You are resistant to electric shocks. (rElec)
You are resistant to unholy torment.
You are immune to petrification.


   Skills:
 - Level 4.0 Fighting
 + Level 6.8 Axes
 - Level 1.1 Throwing
 - Level 3.2 Armour
 - Level 1.0 Dodging
 - Level 3.2 Shields


You had 6 spell levels left.
You didn't know any spells.
Your spell library was empty.

Inventory:

Hand Weapons
 g - a +1 flail of protection
 Y - a +0 war axe (weapon)
Missiles
 l - 10 boomerangs (quivered)
Armour
 b - a +0 scale mail (worn)
 c - a +0 buckler (worn)
 q - a +0 pair of boots (worn)
Scrolls
 j - a scroll of identify
 k - a scroll of teleportation
Potions
 a - a potion of lignification
 d - a potion of might
 e - a potion of attraction
 f - a potion of heal wounds
 h - a potion of haste
 i - a potion of mutation {unknown}
 m - a potion of curing {unknown}
 o - a potion of resistance
 s - a potion of invisibility {unknown}
 u - a potion of degeneration {unknown}

Dungeon Overview and Level Annotations

Branches:
Dungeon (5/15)             Temple (1/1) D:5

Altars:
Ashenzari
Dithmenos
Elyvilon
Fedhas
Gozag
Makhleb
Nemelex Xobeh
Okawaru
Qazlal
Ru
Trog
Uskayaw
Vehumet
Wu Jian
Xom
Yredelemnul
Zin

Shops:
D:1 [   D:4 (


Message History

Something hits you but does no damage.
You miss something. Something hits you. Something hits you but does no damage.
You closely miss something.
You hear some strange, mumbled words.
A puff of flame appears from out of thin air!
The puff of flame hits you.
You hit something. Okawaru accepts your kill.
Reactivating autopickup.
You feel a bit more experienced.
You start resting.
HP restored.
f - a potion of heal wounds
Enter note:
Enter note: An ogre is nearby!
Enter note:
Enter note:
2915 ||| Stepping ~*~*~tactically~*~*~ (stealth).
The ogre shouts!
Enter note:
Enter note: You throw a boomerang.
The boomerang closely misses the ogre.
You throw a boomerang. The boomerang barely misses the ogre.
You barely miss the ogre. The ogre closely misses you.
You hit the ogre.
The ogre is lightly wounded.
The ogre hits you with a +0 giant spiked club!!
You hit the ogre.
The ogre is moderately wounded.
You hit the ogre but do no damage.
The ogre is moderately wounded.
The ogre barely misses you.
You slash the ogre!
The ogre is heavily wounded.
The ogre hits you with a +0 giant spiked club!!
Ouch! That really hurt!
You die...

##.##)).......#
#.####.#######
#.#....#### ..
#.....:...#
....####.###.#.
.........# ..
....###..# #.#
. ##..# .#
#O@.#
.......#.#
...###...# .
###.. ####


You could see an ogre.

Vanquished Creatures
  Sigmund (D:2)
  A black bear (D:4)
  A scorpion (D:4)
  A howler monkey (D:5)
  A hound (D:5)
  An iguana (D:5)
  4 orc wizards (D:5)
  6 adders
  An ufetubus (D:4)
  2 worms
  3 dart slugs
  10 orcs
  5 endoplasms
  A giant cockroach (D:4)
  A goblin (D:1)
  2 hobgoblins (D:4)
  2 jackals (D:2)
  2 quokkas
  6 ball pythons
  6 bats
  4 frilled lizards
  4 kobolds
  2 rats
67 creatures vanquished.

Notes
Turn   | Place    | Note
-------+----------+-------------------------------------------
     0 | D:1      | qw the Gargoyle Fighter began the quest for the Orb.
     0 | D:1      | Reached XP level 1. HP: 14/14 MP: 1/1
     0 | D:1      | 0 ||| qw: Version: 0.2-a-108-gee2c290
     0 | D:1      | 0 ||| qw: Game counter: 1513
     0 | D:1      | 0 ||| qw: Always use a shield: true
     0 | D:1      | 0 ||| qw: God list: Okawaru
     0 | D:1      | 0 ||| qw: Allow faded altars: false
     0 | D:1      | 0 ||| qw: Do Orc after D:15 true
     0 | D:1      | 0 ||| qw: Do second Lair branch before Depths: true
     0 | D:1      | 0 ||| qw: Lair rune preference: random
     0 | D:1      | 0 ||| qw: Plans: Normal, Zot:1-4, Slime:5, God:TSO, Crypt,
                  | Tomb, Abyss, Pan, Hells, Win
     0 | D:1      | 0 ||| PLANNING D:1-11
   179 | D:1      | Found Boc Guo's Armour Shop.
   184 | D:1      | 184 ||| SHOPLISTING +0 chain mail (54 gold, have 0).
   184 | D:1      | 184 ||| SHOPLISTING +0 pair of gloves (54 gold, have 0).
   184 | D:1      | 184 ||| SHOPLISTING +0 plate armour (276 gold, have 0).
   184 | D:1      | 184 ||| SHOPLISTING +1 chain mail of willpower (198 gold,
                  | have 0).
   184 | D:1      | 184 ||| SHOPLISTING +2 leather armour of cold resistance
                  | (228 gold, have 0).
   204 | D:1      | Reached skill level 2 in Axes
   291 | D:1      | Reached XP level 2. HP: 19/19 MP: 2/2
   426 | D:1      | 426 ||| READING scroll labelled KYTRIMO BEFOA.
   427 | D:1      | 427 ||| READING 2 scrolls labelled KEDGHIO SOVEL.
   428 | D:1      | 428 ||| READING scroll labelled OMUTZEL EBICY.
   446 | D:2      | Noticed Sigmund
   446 | D:2      | Found a broken altar of Ashenzari.
   457 | D:2      | Killed Sigmund
   458 | D:2      | Reached skill level 5 in Axes
   458 | D:2      | Reached XP level 3. HP: 19/23 MP: 3/3
   458 | D:2      | Reached XP level 4. HP: 23/28 MP: 4/4
   458 | D:2      | Reached XP level 5. HP: 26/32 MP: 5/5
   649 | D:2      | 649 ||| Stepping ~*~*~tactically~*~*~ (hiding).
   908 | D:2      | 908 ||| DROPPING ring of flight.
   909 | D:2      | 909 ||| READING scroll labelled REARU QUQIFF.
   922 | D:3      | 922 ||| Stepping ~*~*~tactically~*~*~ (hiding).
   923 | D:3      | 923 ||| Stepping ~*~*~tactically~*~*~ (hiding).
   924 | D:3      | 924 ||| Stepping ~*~*~tactically~*~*~ (hiding).
   941 | D:3      | 941 ||| DROPPING +0 whip.
  1003 | D:3      | Found a faded altar of an unknown god.
  1057 | D:3      | Identified the +6 whip of Xerror {flame, rElec}
  1687 | D:3      | 1687 ||| READING scroll labelled WOGOAF XOENIB.
  1788 | D:3      | 1788 ||| READING scroll labelled VIBBUO UH UMA.
  1789 | D:3      | 1789 ||| DRINKING 2 black potions.
  1790 | D:3      | 1790 ||| READING 2 scrolls of identify.
  1790 | D:3      | 1790 ||| IDENTIFYING orange potion
  1812 | D:4      | 1812 ||| Stepping ~*~*~tactically~*~*~ (stealth).
  1813 | D:4      | 1813 ||| Stepping ~*~*~tactically~*~*~ (stealth).
  1856 | D:4      | 1856 ||| Stepping ~*~*~tactically~*~*~ (stealth).
  1869 | D:4      | Reached XP level 6. HP: 35/38 MP: 6/6
  1896 | D:4      | Reached skill level 1 in Dodging
  1994 | D:4      | 1994 ||| Stepping ~*~*~tactically~*~*~ (hiding).
  1995 | D:4      | 1995 ||| Stepping ~*~*~tactically~*~*~ (hiding).
  2017 | D:4      | Found Jiclaucw's Weapon Emporium.
  2141 | D:4      | Reached skill level 1 in Throwing
  2157 | D:4      | Noticed a black bear
  2164 | D:4      | Killed a black bear
  2414 | D:4      | 2414 ||| UPGRADING to +0 pair of boots.
  2419 | D:4      | 2419 ||| READING scroll labelled VABBIST JONAU.
  2420 | D:4      | 2420 ||| READING scroll labelled TAGHALEURY.
  2421 | D:4      | 2421 ||| DRINKING 2 sedimented golden potions.
  2430 | D:4      | 2430 ||| READING 4 scrolls of identify.
  2430 | D:4      | 2430 ||| IDENTIFYING fizzy pink potion
  2431 | D:4      | 2431 ||| READING 3 scrolls of identify.
  2431 | D:4      | 2431 ||| IDENTIFYING puce potion
  2432 | D:4      | 2432 ||| READING 2 scrolls of identify.
  2432 | D:4      | 2432 ||| IDENTIFYING white potion
  2433 | D:4      | 2433 ||| DROPPING potion of ambrosia.
  2455 | D:5      | Entered Level 5 of the Dungeon
  2474 | D:5      | Reached skill level 6 in Axes
  2474 | D:5      | Reached XP level 7. HP: 41/43 MP: 7/7
  2530 | D:5      | HP: 10/43 [something (1)]
  2531 | D:5      | 2531 ||| READING 2 scrolls of teleportation.
  2532 | D:5      | 2532 ||| DRINKING potion of heal wounds.
  2593 | D:5      | Found a staircase to the Ecumenical Temple.
  2594 | D:5      | 2594 ||| PLANNING TEMPLE
  2603 | Temple   | Entered the Ecumenical Temple
  2603 | Temple   | Found a transporter.
  2603 | Temple   | Found a transporter.
  2605 | Temple   | Found a transporter.
  2605 | Temple   | Found a transporter.
  2615 | Temple   | 2615 ||| PLANNING D:1-11
  2618 | Temple   | 2618 ||| PLANNING OKAWARU WORSHIP
  2625 | Temple   | Became a worshipper of Warmaster Okawaru
  2625 | Temple   | 2625 ||| PLANNING D:1-11
  2803 | D:5      | 2803 ||| Stepping ~*~*~tactically~*~*~ (stealth).
  2804 | D:5      | 2804 ||| Stepping ~*~*~tactically~*~*~ (stealth).
  2808 | D:5      | 2808 ||| Stepping ~*~*~tactically~*~*~ (stealth).
  2915 | D:5      | 2915 ||| Stepping ~*~*~tactically~*~*~ (stealth).
  2926 | D:5      | Slain by an ogre

Levels and vault maps discovered:
D:1:      saegor_arrival_simple_d, layout_basic, serial_shops,
          nicolae_shop_just_a_little_nook
D:2:      layout_rooms, basic_altar, corexii_leaking_fountain,
          wad_floor_pattern_untrapped, uniq_sigmund
D:3:      layout_loops_ring, shapermc_ecumenical_altar_hornbeckon, st_stairs_6,
          kennysheep_donut
D:4:      layout_rooms, serial_shops, shop, grunt_decor_mini_mirrors,
          minmay_stone_trees_small
D:5:      layout_loops_ring, minmay_temple_entry_crystal_x, gammafunk_ghost_icy
Temple:   hellmonk_temple_divided_pantheon

Skill      XL: |  1  2  3  4  5  6 |
---------------+-------------------+-----
Axes           | 2 5 6 |  6.8
Fighting       | 4 |  4.0
Dodging        | 1 |  1.0
Throwing       | 1 |  1.1
Armour         | |  3.2
Shields        | |  3.2

Action                     |  1- 3 |  4- 6 |  7- 9 || total
---------------------------+-------+-------+-------++-------
  Melee: War axe           |    39 |   143 |    71 ||   253
  Throw: Boomerang         |     4 |    40 |    16 ||    60
    Use: Scroll            |     3 |     9 |     1 ||    13
         Potion            |       |     2 |     1 ||     3
 Armour: Scale mail        |    26 |    79 |    63 ||   168
  Dodge: Dodged            |    20 |    74 |    30 ||   124
  Block: Buckler           |    11 |    30 |     7 ||    48

Table legend:
 A = Non-vault XP
 B = Vault XP
 C = Vault XP percentage of total XP
 D = Non-vault monster count
 E = Vault monster count
 F = Vault count percentage of total count
                 A         B        C        D         E       F
            +---------+---------+-------+---------+---------+-------
      Total |     685 |     216 |  24.0 |      65 |       2 |   3.0
            +---------+---------+-------+---------+---------+-------
        D:1 |      13 |       0 |   0.0 |       8 |       0 |   0.0
        D:2 |      20 |     214 |  91.5 |      12 |       1 |   7.7
        D:3 |      52 |       2 |   3.7 |      13 |       1 |   7.1
        D:4 |     302 |       0 |   0.0 |      18 |       0 |   0.0
        D:5 |     298 |       0 |   0.0 |      14 |       0 |   0.0
            +---------+---------+-------+---------+---------+-------
